 Dungeon Crawl Stone Soup version 0.20.1-1-g8b1a95d (webtiles) character file.

1304 equalderp2856 the Chopper (level 8, -3/61 HPs)
             Began as a Mummy Fighter on Oct 23, 2017.
             Slain by a two-headed ogre
             ... wielding a +0 giant spiked club
              (19 damage)
             ... on level 6 of the Dungeon.
             The game lasted 00:13:29 (8299 turns).

equalderp2856 the Chopper (Mummy Fighter)           Turns: 8299, Time: 00:13:30

Health: -3/61      AC:  8    Str: 19    XL:     8   Next: 31%
Magic:  8/8        EV:  8    Int:  9    God:
Gold:   285        SH:  9    Dex: 14    Spells: 7/7 levels left

rFire    x . .     SeeInvis .   a - +0 war axe
rCold    + . .     Gourm    .   c - +0 shield
rNeg     + + +     Faith    .   b - +0 scale mail
rPois    ∞         Spirit   .   (no helmet)
rElec    .         Reflect  .   (no cloak)
rCorr    .         Harm     .   f - +0 pair of gloves
MR       +....                  (no boots)
Stlth    ..........             (no amulet)
Regen    0.2/turn               r - +4 ring of dexterity
MPRegen  0.2/turn               w - -2 ring of dexterity (curse)

@: no status effects
A: no food or potions, fire vulnerability, cold resistance 1, negative energy
resistance 3, torment resistance, unbreathing
a: no special abilities


You were on level 6 of the Dungeon.
You were not hungry.

You visited 1 branch of the dungeon, and saw 7 of its levels.
You also visited: Sewer.

You collected 285 gold pieces.

Inventory:

Hand Weapons
 a - a +0 war axe (weapon)
 g - a +0 trident
Armour
 b - a +0 scale mail (worn)
 c - a +0 shield (worn)
 f - a +0 pair of gloves (worn)
Jewellery
 j - an uncursed ring of ice
 q - an uncursed ring of resist corrosion
 r - a +4 ring of dexterity (left hand)
 u - a cursed ring of teleportation {unknown}
 w - a cursed -2 ring of dexterity (right hand)
 x - an uncursed ring of flight {unknown}
Wands
 n - a wand of lightning (7/15)
 s - a wand of random effects (16/48)
Scrolls
 d - a scroll of teleportation
 e - 6 scrolls of remove curse
 h - a scroll of identify
 k - a scroll of blinking
 l - a scroll of random uselessness
 m - a scroll of enchant weapon {unknown}
 o - 3 scrolls of enchant armour {unknown}
 p - 3 scrolls of fog {unknown}
 t - a scroll of recharging {unknown}
 v - a scroll of magic mapping {unknown}


   Skills:
 + Level 4.7 Fighting
 + Level 5.2 Axes
 + Level 4.8 Armour
 + Level 2.3 Dodging
 + Level 0.3 Stealth
 + Level 4.0 Shields


You had 7 spell levels left.
You didn't know any spells.

Dungeon Overview and Level Annotations

Branches:
Dungeon (7/15)             Temple (0/1) D:5

Altars:
Ashenzari
Cheibriados
Fedhas
Gozag
Hepliaklqana
Okawaru
Qazlal
Sif Muna
The Shining One

Annotations:
D:7 Prince Ribbit; Vojta's ghost, novice DDHu


Innate Abilities, Weirdness & Mutations

You do not eat or drink.
Your flesh is vulnerable to fire.
You are immune to poison.
Your flesh is cold resistant. (rC+)
You are immune to negative energy. (rN+++)
You are immune to unholy pain and torment.
You can survive without breathing.


Message History

You hit the two-headed ogre.
The two-headed ogre is severely wounded.
You block the two-headed ogre's attack.
The two-headed ogre hits you with a giant club!
* * * LOW HITPOINT WARNING * * *
Unknown command.
The howler monkey hoots and howls with incredible vigour!
The howler monkey hoots and howls with incredible vigour!
The howler monkey hoots and howls with incredible vigour!
The howler monkey hoots and howls with incredible vigour!
The howler monkey hoots and howls with incredible vigour!
The howler monkey hoots and howls with incredible vigour!
The howler monkey hoots and howls with incredible vigour!
You see here 4 gold pieces.
The howler monkey hoots and howls with incredible vigour!
There is a stone staircase leading up here.
The two-headed ogre hits you with a giant spiked club.
* * * LOW HITPOINT WARNING * * *
The two-headed ogre hits you with a giant club!!
You die...

#.# ########### #O# #
#.........# #.#.#
#.#######.# ##.#.#####
#.# #.# ##......... #<#
#####.#####.....#.##.
#.###O.........)........
#.##.#.##.####Oh....####
###.#.###.#.####@#...##
.....#####..........##
###.........####.####
...###.#.#### #.# ##.#
##)## #.# #.# #[# #.#
#.# #.# #.# #.####.# #.#
#.....<# .#


You could see a two-headed ogre, an ogre and a howler monkey.

Vanquished Creatures
  A sky beast (D:5)
  A phantom (D:5)
  An ogre (D:4)
  2 centaurs
  2 bullfrogs
  Blork the orc (D:6)
  A scorpion (D:4)
  A crimson imp (D:5)
  A quasit (D:6)
  3 hounds
  An orc wizard (D:4)
  2 bullfrog skeletons (D:4)
  An iguana (D:6)
  2 worker ants
  12 adders
  2 river rats (D:5)
  A shadow imp (D:4)
  6 oozes
  An adder skeleton (D:4)
  An adder zombie (D:5)
  5 worms
  4 dart slugs
  7 leopard geckos
  5 orcs
  7 ball pythons
  16 bats
  10 giant cockroaches
  13 hobgoblins
  9 jackals
  6 quokkas
  A ball python zombie (D:5)
  5 frilled lizards
  A giant cockroach zombie (D:5)
  10 goblins
  A jackal zombie (D:5)
  4 kobolds
  A leopard gecko skeleton (D:4)
  A quokka skeleton (D:4)
  A quokka zombie (D:6)
  8 rats
158 creatures vanquished.

Notes
Turn   | Place    | Note
-------+----------+-------------------------------------------
     0 | D:1      | equalderp2856 the Mummy Fighter began the quest for the Orb.
     0 | D:1      | Reached XP level 1. HP: 18/18 MP: 1/1
   458 | D:1      | Reached XP level 2. HP: 24/24 MP: 2/2
   756 | D:1      | Reached XP level 3. HP: 26/29 MP: 3/3
   790 | D:1      | Reached skill level 2 in Axes
  1527 | D:2      | Reached XP level 4. HP: 22/36 MP: 4/4
  1915 | D:2      | Found a snail-covered altar of Cheibriados.
  1971 | D:2      | Found a hazy altar of Hepliaklqana.
  2774 | D:4      | Found a deep blue altar of Sif Muna.
  2776 | D:4      | Found a glowing golden altar of the Shining One.
  2865 | D:4      | Reached XP level 5. HP: 30/42 MP: 5/5
  3156 | D:4      | Reached skill level 3 in Axes
  3158 | D:4      | Found a blossoming altar of Fedhas.
  3164 | D:4      | Found a stormy altar of Qazlal.
  3192 | D:4      | Reached skill level 1 in Dodging
  3399 | D:4      | Found an iron altar of Okawaru.
  3583 | D:4      | Noticed an ogre
  3618 | D:4      | Reached XP level 6. HP: 36/48 MP: 6/6
  3985 | D:5      | Entered Level 5 of the Dungeon
  4162 | D:5      | Noticed a sky beast
  4333 | D:5      | HP: 2/48 [river rat (4)]
  4390 | D:5      | HP: 2/48 [river rat (7)]
  4546 | D:5      | Found a glowing drain.
  4550 | Sewer    | Entered a sewer
  5329 | Sewer    | Reached XP level 7. HP: 53/54 MP: 7/7
  5401 | Sewer    | Reached skill level 4 in Axes
  5830 | D:4      | HP: 2/54 [something (6)]
  6617 | D:5      | Found a staircase to the Ecumenical Temple.
  7014 | D:6      | Noticed Blork the orc
  7029 | D:6      | Killed Blork the orc
  7128 | D:6      | Found a shattered altar of Ashenzari.
  7150 | D:6      | Found an opulent altar of Gozag.
  7159 | D:6      | Reached XP level 8. HP: 37/61 MP: 8/8
  7311 | D:6      | You fall through a shaft!
  7322 | D:7      | Noticed Prince Ribbit
  7324 | D:7      | Noticed Vojta's ghost (novice DDHu)
  7759 | D:6      | Reached skill level 5 in Axes
  7776 | D:6      | Noticed a two-headed ogre
  8299 | D:6      | Slain by a two-headed ogre

Skill      XL: |  1  2  3  4  5  6  7  8 |
---------------+-------------------------+-----
Axes           | 2 3 4 5 |  5.2
Armour         | 3 4 |  4.8
Shields        | 3 4 |  4.0
Dodging        | 1 2 |  2.3
Fighting       | 4 |  4.7
Stealth        | |  0.3

Action                   |  1- 3 |  4- 6 |  7- 9 || total
-------------------------+-------+-------+-------++-------
Melee: War axe           |   130 |   369 |   235 ||   734
  Use: Scroll            |       |     4 |     8 ||    12
Armor: Scale mail        |    81 |   237 |   179 ||   497
Dodge: Dodged            |    51 |   142 |   110 ||   303
Block: Shield            |    81 |   248 |   156 ||   485
